 Dungeon Crawl Stone Soup version 0.29-a0-323-g050149af67 (webtiles) character file.

Game seed: 536211833239312422

102 spaghetti the Magician (level 4, -5/54 HPs)
             Began as a Naga Fire Elementalist on Apr 11, 2022.
             Killed by divine providence
             ... invoked by an orc priest
              (13 damage)
             ... on level 2 of the Dungeon.
             The game lasted 00:03:05 (1640 turns).

spaghetti the Magician (Naga Fire Elementalist)     Turns: 1640, Time: 00:03:06

Health: -5/54      AC:  3    Str: 10    XL:     4   Next: 78%
Magic:  4/10       EV:  9    Int: 18    God:
Gold:   127        SH:  0    Dex: 11    Spells: 1/11 levels left

rFire   . . .      SeeInvis +   q - +0 quarterstaff {staff}
rCold   . . .      Faith    .   (shield currently unavailable)
rNeg    . . .      Spirit   .   a - +0 robe
rPois   +          Reflect  .   (no helmet)
rElec   .          Harm     .   l - +0 cloak
rCorr   .          Rampage  .   (no gloves)
Will    .....                   (no barding)
Stlth   ..........              (no amulet)
HPRegen 0.18/turn               (no ring)
MPRegen 0.12/turn               (no ring)

@: berserking (expiring), very slightly contaminated, quick
A: AC +1, large, see invisible, deformed body, poison resistance, slowness 2,
spit poison 1, naga tail 1
a: Spit Poison


You were on level 2 of the Dungeon.
You visited 1 branch of the dungeon, and saw 2 of its levels.

You collected 127 gold pieces.


Innate Abilities, Weirdness & Mutations

Your serpentine skin is tough. (AC +1)
You have supernaturally acute eyesight. (SInv)
Armour fits poorly on your strangely shaped body.
Your system is resistant to poisons. (rPois)
You cover ground very slowly.
You can spit poison.
You have a snake-like lower body.


   Skills:
 - Level 1.5 Dodging
 - Level 3.0 Stealth
 - Level 4.0 Spellcasting
 * Level 2.0 Conjurations
 + Level 3.2 Fire Magic


You had one spell level left.
You knew the following spells:

 Your Spells              Type           Power      Damage    Failure   Level
a - Foxfire               Conj/Fire      52%        2x1d6     4%          1
b - Scorch                Fire           30%        2d6       6%          2
c - Conjure Flame         Conj/Fire      13%        6-21      16%         3
d - Flame Wave            Conj/Fire      13%        2d6       45%         4

Your spell library contained the following spells:

 Spells                   Type           Power      Damage    Failure   Level
 Inner Flame              Hex/Fire       9%         N/A       22%         3

Inventory:

Hand Weapons
 c - a +0 short sword {short}
   (You took it off a kobold on level 1 of the Dungeon)
 g - a +0 whip {mace}
   (You found it on level 1 of the Dungeon)
 i - a +0 whip {mace}
   (You found it on level 1 of the Dungeon)
 k - a +0 dagger {short}
   (You found it on level 1 of the Dungeon)
 q - a +0 quarterstaff (weapon) {staff}
   (You found it on level 1 of the Dungeon)
 t - a +0 dagger {short}
   (You took it off a goblin on level 2 of the Dungeon)
 u - a +0 dagger {short}
   (You took it off a goblin on level 2 of the Dungeon)
 v - a +0 short sword {short}
   (You found it on level 2 of the Dungeon)
 w - a +0 club {mace}
   (You took it off a goblin on level 2 of the Dungeon)
 x - a +0 dagger {short}
   (You took it off a goblin on level 2 of the Dungeon)
Missiles
 f - 83 stones {throwing}
 p - 2 boomerangs {throwing}
Armour
 a - a +0 robe (worn)
 l - a +0 cloak (worn)
   (You found it on level 1 of the Dungeon)
Jewellery
 n - a ring of positive energy
   (You found it on level 1 of the Dungeon)
Wands
 y - a wand of flame (6)
   (You took it off a goblin on level 2 of the Dungeon)
Scrolls
 d - a scroll of identify {unknown}
 h - a scroll of immolation {unknown}
 o - a scroll of fog {unknown}
 s - a scroll of magic mapping {unknown}
Potions
 b - a potion of magic
 j - 3 potions of curing {unknown}
 m - a potion of degeneration {unknown}
 r - a potion of invisibility {unknown}
 z - a potion of mutation {unknown}

Dungeon Overview and Level Annotations

Branches:
Dungeon (2/15)

Altars:

# .#
###.#############.#
..#.##..........<.#
#.#.#...........#
#.#.#..########.#
#.#.#..# #@#
#.#....# #o#
##.#....# #.#
...#....# #o#
##...#..# ..#
.....#..# .w.
##...#.... ...
<.......... ....
.#...#.#.###


You could see a worm, an orc priest and an orc.


Message History

Casting: Foxfire (safe; 6% risk of failure)
Confirm with . or Enter, or press ? or * to list all spells.
You can't see any susceptible monsters within range! (Use Z to cast anyway.)
An orc comes into view. It is wielding a +0 hand axe.
Casting: Foxfire (safe; 6% risk of failure)
Confirm with . or Enter, or press ? or * to list all spells.
You can't see any susceptible monsters within range! (Use Z to cast anyway.)
An orc wizard comes into view. It is wielding a +0 dagger.
The orc wizard shouts!
An orc comes into view. It is wielding a +0 club.
An orc comes into view. It is wielding a +0 whip.
Casting: Foxfire (safe; 6% risk of failure)
Confirm with . or Enter, or press ? or * to list all spells.
You can't see any susceptible monsters within range! (Use Z to cast anyway.) Unknown command.
Aiming: Spit Poison (1% risk of failure)
Press: ? - help, Shift-Dir - straight line, f - orc
Aim: an orc, wielding a +0 whip (wandering, hasn't noticed you, 59% to hit)
The splash of poison misses the orc.
An endoplasm comes into view.
Casting: Foxfire (safe; 6% risk of failure)
Confirm with . or Enter, or press ? or * to list all spells.
You can't see any susceptible monsters within range! (Use Z to cast anyway.)
The orc shouts!
The orc priest shouts!
The orc wizard mumbles some strange words.
The orc wizard flickers and vanishes for a moment.
Casting: Foxfire (safe; 6% risk of failure)
Confirm with . or Enter, or press ? or * to list all spells.
Flames lash the orc.
You kill the orc!
You have got your breath back. 😎 MP[-2]
You lost 2 mp, and now have 8/10 mp.
Unknown command.
Casting: Scorch (safe; 6% risk of failure)
Confirm with . or Enter, or press ? or * to list all spells.
You can't see any susceptible monsters within range! (Use Z to cast anyway.)
Casting: Scorch (safe; 6% risk of failure)
Confirm with . or Enter, or press ? or * to list all spells.
You conjure some foxfire! 😎 MP[-1]
You lost 1 mp, and now have 7/10 mp.
Unknown command.
The foxfire hits the orc wizard but does no damage.
Casting: Foxfire (safe; 6% risk of failure)
Confirm with . or Enter, or press ? or * to list all spells.
Flames lash the orc wizard.
The orc wizard's fire resistance burns away.
The orc priest calls down the wrath of Beogh upon you.
Beogh smites you! 😮 HP[-14] MP[-2]
You take 14 damage, and now have 22/36 hp.
MASSIVE DAMAGE!! (PAUSE)
You lost 2 mp, and now have 5/10 mp.
Casting: Scorch (safe; 6% risk of failure)
Confirm with . or Enter, or press ? or * to list all spells.
You miscast Scorch.
You are very lightly contaminated with residual magic.
Nothing appears to happen.
The orc wizard closely misses you. 😮 MP[-2]
You lost 2 mp, and now have 3/10 mp.
Aiming: Spit Poison (1% risk of failure)
Press: ? - help, Shift-Dir - straight line, f - orc wizard
Aim: an orc wizard, wielding a +0 dagger and wearing a +0 robe (moderately wounded, slightly transparent, more vulnerable to fire, 50% to hit)
The splash of poison hits the orc wizard.
The orc wizard is poisoned.
The orc wizard hits you but does no damage.
The orc priest invokes the aid of Beogh against you.
Beogh smites you!
* * * LOW HITPOINT WARNING * * *
😱 HP[-16]
You take 16 damage, and now have 6/36 hp.
MASSIVE DAMAGE!! (PAUSE) It was a potion of berserk rage.
A red film seems to cover your vision as you go berserk!
You feel yourself moving faster!
You feel mighty!
The orc wizard hits you with a +0 dagger.
* * * LOW HITPOINT WARNING * * *
😱 HP[+2]
You now have 54 max hp (+18).
You regained 2 hp, and now have 8/54 hp.
You closely miss the orc wizard.
The orc wizard is no longer more vulnerable to fire.
The orc wizard hits you but does no damage.
A worm comes into view.
You punch the orc wizard!
You kill the orc wizard! 😱 MP[+1]
You hit the endoplasm.
You kill the endoplasm!
q - a +0 quarterstaff (weapon)
{staff} You closely miss the orc.
You have got your breath back.
You sock the orc!
You kill the orc!
Your Conjurations skill increases to level 2!
You closely miss the orc priest.
The orc priest mumbles some strange prayers to Beogh against you.
Beogh smites you!
You die...

Skill      XL: |  1  2  3  4 |
---------------+-------------+-----
Spellcasting   | 3 4 |  4.0
Conjurations   | 2 |  2.0
Dodging        | |  1.5
Stealth        | |  3.0
Fire Magic     | |  3.2

Action                   |  1- 3 |  4- 6 || total
-------------------------+-------+-------++-------
Melee: Unarmed           |    19 |     3 ||    22
       Quarterstaff      |       |     3 ||     3
 Cast: Foxfire           |    38 |    10 ||    48
       Scorch            |    10 |     2 ||    12
 Abil: Spit Poison       |    11 |     2 ||    13
  Use: Potion            |       |     1 ||     1
Armor: Robe              |     7 |     2 ||     9
Dodge: Dodged            |    18 |     1 ||    19

Levels and vault maps discovered:
D:1:      lightli_arrival_windingriver, layout_rooms, serial_glass,
          glass_columns_a, glass_columns_a, glass_columns_b, glass_columns_c,
          glass_columns_b, glass_columns_c, glass_columns_a, glass_columns_c,
          glass_columns_c, glass_columns_c
D:2:      layout_basic

Notes
Turn   | Place    | Note
-------+----------+-------------------------------------------
     0 | D:1      | spaghetti the Naga Fire Elementalist began the quest for
                  | the Orb.
     0 | D:1      | Reached XP level 1. HP: 15/15 MP: 3/3
     0 | D:1      | magus.rc [v1.9.6]
   238 | D:1      | Reached XP level 2. HP: 22/22 MP: 0/5
   740 | D:2      | Reached skill level 3 in Spellcasting
   768 | D:2      | Reached XP level 3. HP: 28/28 MP: 0/7
   836 | D:2      | Learned a level 2 spell: Scorch
  1435 | D:2      | Reached XP level 4. HP: 36/36 MP: 6/9
  1438 | D:2      | Reached skill level 4 in Spellcasting
  1501 | D:2      | Learned a level 3 spell: Conjure Flame
  1506 | D:2      | Learned a level 4 spell: Flame Wave
  1632 | D:2      | HP: 6/36 [orc priest/divine providence (16)]
  1640 | D:2      | Reached skill level 2 in Conjurations
  1640 | D:2      | Killed from afar by an orc priest

Vanquished Creatures
  An orc wizard (D:2)
  4 adders (D:2)
  2 worms (D:2)
  2 dart slugs
  2 orcs (D:2)
  3 endoplasms
  A giant cockroach (D:1)
  4 goblins (D:2)
  4 hobgoblins
  2 quokkas (D:2)
  A ball python (D:2)
  3 bats
  A frilled lizard (D:1)
  A kobold (D:1)
  A rat (D:2)
32 creatures vanquished.

Vanquished Creatures (others)
  73 foxfires
73 creatures vanquished.

Grand Total: 105 creatures vanquished

Table legend:
 A = Non-vault XP
 B = Vault XP
 C = Vault XP percentage of total XP
 D = Non-vault monster count
 E = Vault monster count
 F = Vault count percentage of total count
                 A         B        C        D         E       F
            +---------+---------+-------+---------+---------+-------
      Total |     147 |       0 |   0.0 |      32 |       0 |   0.0
            +---------+---------+-------+---------+---------+-------
        D:1 |      15 |       0 |   0.0 |       8 |       0 |   0.0
        D:2 |     132 |       0 |   0.0 |      24 |       0 |   0.0
            +---------+---------+-------+---------+---------+-------

Illustrated notes

Table legend:
 A = Kills in this place as a percentage of kills in entire the game.
 B = Kills by you in this place as a percentage of kills by you in the entire game.
 C = Kills by friends in this place as a percentage of kills by friends in the entire game.
 D = Other kills in this place as a percentage of other kills in the entire game.
 E = Experience gained in this place as a percentage of experience gained in the entire game.
 F = Experience gained in this place divided by the number of levels of this place that you have seen.
                   A       B       C       D       E      F
               +-------+-------+-------+-------+-------+----------------------
         Total | 100.0 | 100.0 |   N/A |   N/A | 100.0 |  73.5
       Dungeon | 100.0 | 100.0 |   N/A |   N/A | 100.0 |  73.5
               +-------+-------+-------+-------+-------+----------------------

Table legend: (Time is in decaauts)
 A = Elapsed time spent in this place.
 B = Non-inter-level travel time spent in this place.
 C = Inter-level travel time spent in this place.
 D = Time resting spent in this place.
 E = Time spent auto-exploring this place.
 F = Levels seen in this place.
 G = Mean time per level.
                   A        B        C        D        E       F      G
               +--------+--------+--------+--------+--------+-----+--------+
         Total |   1890 |   1854 |     36 |    373 |   1230 |   2 |  945.0 |
       Dungeon |   1890 |   1854 |     36 |    373 |   1230 |   2 |  945.0 |
               +--------+--------+--------+--------+--------+-----+--------+

Top non-repeatable levels by time:
     D:2: 1052 daAuts
     D:1: 838 daAuts
